 Dungeon Crawl Stone Soup version 0.28.0-53-g5a82cb258f (webtiles) character file.

Game seed: 13199837273141909108

9 Descartes the Grasshopper (level 2, 0/13 HPs)
             Began as a Felid Warper on May 23, 2022.
             Slain by a hobgoblin (3 damage)
             ... on level 1 of the Dungeon.
             The game lasted 00:01:18 (397 turns).

Descartes the Grasshopper (Felid Warper)             Turns: 397, Time: 00:01:18

Health: 0/13       AC:  1    Str:  7    XL:     2   Next: 6%
Magic:  6/6        EV: 18    Int: 14    God:
Gold:   10         SH:  0    Dex: 15    Spells: 5/5 levels left
                                        Lives:  0   Deaths: 0

rFire   . . .      SeeInvis +     - Unarmed
rCold   . . .      Faith    .   (shield unavailable)
rNeg    . . .      Spirit   .   (armour unavailable)
rPois   .          Reflect  .   (helmet unavailable)
rElec   .          Harm     .   (cloak unavailable)
rCorr   .          Rampage  .   (gloves unavailable)
Will    .....                   (boots unavailable)
Stlth   ++........              (no amulet)
HPRegen 0.04/turn               (no ring)
MPRegen 0.10/turn               (no ring)

@: quick
A: very small, claws 1, fangs 3, see invisible, speed 1, shaggy fur 1, stealthy
paws, no weapons or thrown items, no armour, multi-lived
a: no special abilities


You were on level 1 of the Dungeon.
You visited 1 branch of the dungeon, and saw 1 of its levels.

You collected 10 gold pieces.

Inventory:

Scrolls
 a - a scroll of blinking


   Skills:
 - Level 2.0 Fighting
 + Level 3.4 Dodging
 + Level 1.1 Stealth
 + Level 2.2 Unarmed Combat
 - Level 2.0 Spellcasting
 + Level 4.6 Translocations


You had 5 spell levels left.
You didn't know any spells.
Your spell library contained the following spells:

 Spells                   Type           Power      Damage    Failure   Level
 Blink                    Tloc           28%        N/A       5%          2
 Gell's Gravitas          Tloc           14%        N/A       11%         3
 Lesser Beckoning         Tloc           14%        N/A       11%         3
 Teleport Other           Tloc           14%        N/A       11%         3
 Manifold Assault         Tloc           14%        N/A       69%         5


Dungeon Overview and Level Annotations

Branches:
Dungeon (1/15)

Altars:

Shops:
D:1 [*


Innate Abilities, Weirdness & Mutations

You have sharp claws.
You have razor-sharp teeth.
You have supernaturally acute eyesight. (SInv)
You cover ground quickly. (Speed+)
You are covered in fur. (AC +1)
Your paws help you pounce on unaware monsters.
You are incapable of wielding weapons or throwing items.
You cannot wear armour.
You gain extra lives every three experience levels.


Message History

You barely miss the bat.
The bat is severely wounded.
The bat misses you. x2
You miss the bat.
The bat is severely wounded.
The bat completely misses you. The bat barely misses you.
You scratch the bat but do no damage. You bite the bat.
You kill the bat!
Your Stealth skill increases to level 1!
You scratch the hobgoblin.
The hobgoblin is lightly wounded.
The hobgoblin barely misses you.
You scratch the hobgoblin but do no damage.
The hobgoblin is lightly wounded.
The hobgoblin closely misses you.
Found 12 gold pieces.
The bat closely misses you.
A ball python comes into view.
The ball python hisses angrily.
The kobold throws a stone.
The stone closely misses you.
An endoplasm comes into view.
The bat misses you.
You see here 12 gold pieces.
The bat hits you but does no damage. The bat hits you.
* * * LOW HITPOINT WARNING * * *
The bat closely misses you.
You scratch the bat.
You kill the bat!
You have reached level 2!
There is an entrance to Xuuddath's General Store here.
You scratch the ball python.
You kill the ball python!
You see here a ball python corpse.
A hobgoblin is nearby!
You scratch the hobgoblin but do no damage.
You bite the hobgoblin.
The hobgoblin is moderately wounded.
The hobgoblin hits you.
You die...

.....# .....#
....S######
###.......#
###.#####.# ..#.#
#.#
...g#####S########
..........#.∩.†g.#
♣♣....#...#.####@#
♣♣♣.>.....#.# #.#
∩♣♣...#.###.# #.#
.∩♣♣...>....# #.#
.∩♣♣..#.##..# #.#
.∩♣♣.....#..# #.#
∩♣♣...#.....# #.#
.♣♣.⌠....#.#####.#
.......###.....#)##


You could see a hobgoblin.

Vanquished Creatures
  A dart slug (D:1)
  A hobgoblin (D:1)
  A kobold (D:1)
  A ball python (D:1)
  3 bats (D:1)
7 creatures vanquished.

Notes
Turn   | Place    | Note
-------+----------+-------------------------------------------
     0 | D:1      | Descartes the Felid Warper began the quest for the Orb.
     0 | D:1      | Reached XP level 1. HP: 9/9 MP: 4/4
    48 | D:1      | Found Copho's Armour Boutique.
   198 | D:1      | Found Xuuddath's General Store.
   327 | D:1      | Reached skill level 1 in Stealth
   352 | D:1      | Reached XP level 2. HP: 1/13 MP: 6/6
   397 | D:1      | Slain by a hobgoblin

Illustrated notes

Levels and vault maps discovered:
D:1:      heliophobic_arrival_henge, layout_basic, serial_shops, shop, shop,
          shop, shop, shop_fountains, minivault_11, hangedman_glass_teeth

Skill      XL: |  1 |
---------------+----+-----
Stealth        | 1 |  1.1
Fighting       | |  2.0
Dodging        | |  3.4
Unarmed Combat | |  2.2
Spellcasting   | |  2.0
Translocations | |  4.6

Action                   || total
-------------------------++-------
Melee: Unarmed           ||    32
       Bite              ||     2
 Stab: Sleeping          ||     1
Armor: Skin              ||     2
Dodge: Dodged            ||    54
